 Dungeon Crawl Stone Soup version 0.20-a0-1062-g7b787ac (webtiles) character file.

808 nubinia the Covered (level 7, 0/56 HPs)
             Began as a Gnoll Wanderer on Apr 27, 2017.
             Was a Believer of Okawaru.
             Slain by an iguana (4 damage)
             ... on level 5 of the Dungeon.
             The game lasted 00:21:18 (4917 turns).

nubinia the Covered (Gnoll Wanderer)                Turns: 4917, Time: 00:21:18

Health: 0/56       AC: 15    Str: 11 (14) XL:     7   Next: 92%
Magic:  4/7        EV:  6    Int: 10 (13) God:    Okawaru [**....]
Gold:   522        SH:  0    Dex: 13 (14) Spells: 6/6 levels left

rFire    + . .     SeeInvis .   E - +2 dagger (elec)
rCold    x . .     Gourm    .   (no shield)
rNeg     . . .     Faith    +   m - +0 chain mail
rPois    +         Spirit   .   g - +0 helmet
rElec    .         Reflect  .   W - +0 cloak (curse)
rCorr    .         Harm     .   r - +1 pair of gloves
MR       .....                  (no boots)
Stlth    ..........             h - amulet of faith
Regen    0.2/turn               K - ring of poison resistance (curse)
MPRegen  0.1/turn               U - ring of fire

@: no status effects
A: short attention span, fangs 1, strong 1, MP-powered wands, strong nose
a: Heroism, Renounce Religion


You were on level 5 of the Dungeon.
You worshipped Okawaru.
Okawaru was pleased with you.
You were hungry.

You visited 2 branches of the dungeon, and saw 6 of its levels.
You also visited: Ossuary.

You collected 571 gold pieces.
You spent 49 gold pieces at shops.

Inventory:

Hand Weapons
 a - a +2 quarterstaff
 c - a +0 spear
 e - a +0 dagger
 D - a +0 hunting sling
 E - a +2 dagger of electrocution (weapon)
 N - a +0 shortbow
Missiles
 s - 114 sling bullets
 u - 222 stones (quivered)
 v - 13 poisoned needles
 x - 27 bolts
 A - 5 tomahawks
 B - 120 arrows
 L - 2 throwing nets
Armour
 d - a +0 robe
 g - a +0 helmet (worn)
 m - a +0 chain mail (worn)
 r - a +1 pair of gloves (worn)
 W - a cursed +0 cloak (worn)
Jewellery
 h - an amulet of faith (around neck)
 K - a cursed ring of poison resistance (left hand)
 U - a ring of fire (right hand)
Wands
 M - a wand of acid (9/15)
Scrolls
 b - 3 scrolls of teleportation
 i - 4 scrolls of amnesia
 j - 4 scrolls of remove curse
 o - a scroll of recharging
 t - a scroll of blinking
 y - a scroll of random uselessness {unknown}
 C - a scroll of enchant armour
 I - 2 scrolls of identify
 S - 2 scrolls of immolation {unknown}
Potions
 l - 2 potions of haste
 n - a potion of curing
 p - a potion of brilliance
 q - a potion of lignification {unknown}
 w - a potion of might {unknown}
 z - 2 potions of agility
 F - a potion of flight {unknown}
 G - a potion of berserk rage {unknown}
 H - a potion of mutation
 P - a potion of invisibility {unknown}
 Q - a potion of magic
 R - a potion of heal wounds
Comestibles
 f - 4 bread rations
 k - a royal jelly
 J - 3 meat rations
 V - 2 fruits


   Skills:
 + Level 5.6 Fighting
 + Level 5.1 Short Blades
 + Level 3.4(5.2) Polearms
 + Level 6.0(6.5) Staves
 + Level 4.1 Throwing
 + Level 7.1 Armour
 + Level 1.7 Dodging
 + Level 3.2 Stealth


You had 6 spell levels left.
You didn't know any spells.

Dungeon Overview and Level Annotations

Branches:
Dungeon (5/15)             Temple (1/1) D:4

Altars:
Ashenzari
Cheibriados
Dithmenos
Okawaru
Ru
Sif Muna
Trog
Vehumet
Yredelemnul

Shops:
D:5 [


Innate Abilities, Weirdness & Mutations

You have a short attention span.
You have very sharp teeth.
Your uncanny sense of smell can sniff out nearby items.
Your muscles are strong. (Str +2)
You expend magic power (3 MP) to strengthen your wands.


Message History

* * * LOW HITPOINT WARNING * * *
You closely miss the iguana.
The iguana is severely wounded.
The iguana bites you but does no damage.
You hit the iguana but do no damage.
The iguana is severely wounded.
You closely miss the iguana.
The iguana is severely wounded.
The iguana bites you but does no damage.
Your chain mail prevents you from hitting the iguana.
The iguana is severely wounded.
The iguana bites you!
* * * LOW HITPOINT WARNING * * *
Evoke which item? (* to show all) (? for menu, Esc to quit)
Aiming: Corrosive Bolt
Press: ? - help, Shift-Dir - straight line, f - iguana
Aim: an iguana (severely wounded)
The bolt of acid misses the iguana.
This wand has 9 charges left.
The iguana bites you.
You die...

****** ##,**,* *** *.#*,**###
### ***,*****..,** #.# #.##
*,,,,,*,**.#* ##.## ### ##.#
*****,,***#.*##...###.# #.#
*,,,* #.##......#.# ##.#
**,** ##l.........###..## *,*
#.@..........##.... *,*
##..[..........#.... *,*
#...##.............#
*****,**##...###............#
*,,*,,,∆....## #.............
**,,*,**###..###.......#.....
*,*,,* #......##..####....
***,** #.....##...# #..##
*..#####...####..## #..##


You could see an iguana.

Vanquished Creatures
  An ogre (D:5)
  2 centaurs (D:5)
  An orc priest (D:5)
  2 hounds (D:4)
  A bullfrog skeleton (D:5)
  2 centaur skeletons (D:4)
  An orc wizard (D:5)
  An iguana (D:4)
  3 worker ants
  A hound skeleton (D:4)
  8 mummies (Ossuary)
  5 adders
  An ooze (D:4)
  3 worms (D:2)
  2 dart slugs
  3 leopard geckos
  11 orcs
  A ball python (D:4)
  8 giant cockroaches
  5 goblins
  3 hobgoblins
  4 quokkas
  6 bats
  3 frilled lizards
  2 gnoll zombies (Ossuary)
  3 hobgoblin zombies (Ossuary)
  9 kobolds
  3 kobold zombies (Ossuary)
  2 leopard gecko skeletons (D:5)
  A quokka skeleton (D:5)
  8 rats
106 creatures vanquished.

Notes
Turn   | Place    | Note
-------+----------+-------------------------------------------
     0 | D:1      | nubinia the Gnoll Wanderer began the quest for the Orb.
     0 | D:1      | nubinia set off with: a +2 quarterstaff, a scroll of teleportation, a +0 spear, a +0 robe, a +0 dagger, a bread ration
     0 | D:1      | Reached XP level 1. HP: 20/20 MP: 1/1
   123 | D:1      | Reached XP level 2. HP: 26/26 MP: 2/2
   779 | D:2      | Reached skill level 1 in Armour
   789 | D:2      | Reached XP level 3. HP: 23/32 MP: 3/3
   795 | D:2      | Reached skill level 5 in Fighting
  1144 | D:2      | Reached XP level 4. HP: 39/39 MP: 4/4
  1174 | D:2      | Reached skill level 2 in Armour
  1681 | D:3      | Reached skill level 1 in Dodging
  1970 | D:4      | Found a staircase to the Ecumenical Temple.
  1979 | D:4      | Reached skill level 5 in Staves
  1979 | D:4      | Reached skill level 3 in Armour
  1979 | D:4      | Reached XP level 5. HP: 41/44 MP: 5/5
  1986 | Temple   | Entered the Ecumenical Temple
  1994 | Temple   | Became a worshipper of Warmaster Okawaru
  2053 | D:4      | Reached skill level 1 in Short Blades
  2100 | D:4      | Reached skill level 4 in Armour
  2100 | D:4      | Reached XP level 6. HP: 51/51 MP: 6/6
  2136 | D:4      | Found a deep blue altar of Sif Muna.
  2168 | D:4      | Found a bloodstained altar of Trog.
  2853 | D:4      | Reached * piety under Okawaru
  2853 | D:4      | Reached skill level 5 in Armour
  2908 | D:3      | Found a shattered altar of Ashenzari.
  2968 | D:3      | Found a snail-covered altar of Cheibriados.
  3342 | D:5      | Entered Level 5 of the Dungeon
  3372 | D:5      | Found a sand-covered staircase.
  3380 | Ossuary  | Entered an ossuary
  3404 | Ossuary  | Reached XP level 7. HP: 47/56 MP: 7/7
  3583 | Ossuary  | Reached skill level 6 in Armour
  3864 | Ossuary  | Gained mutation: You expend magic power (3 MP) to strengthen your wands. [potion of mutation]
  3864 | Ossuary  | Gained mutation: Your muscles are strong. (Str +2) [potion of mutation]
  4097 | D:5      | Reached ** piety under Okawaru
  4387 | D:5      | Found a shadowy altar of Dithmenos.
  4387 | D:5      | Found Leuloah's Armour Shoppe.
  4393 | D:5      | Bought a cursed +0 cloak for 49 gold pieces
  4448 | D:5      | Reached skill level 5 in Short Blades
  4448 | D:5      | Reached skill level 7 in Armour
  4917 | D:5      | Slain by an iguana

Vault maps used:
D:1:      saegor_arrival_simple_a
D:2:      first_bread
D:3:      lemuel_crystal_altar, lemuel_round_altar, kennysheep_generic_room_16
D:4:      kennysheep_mini_moat, nicolae_overflow_crystal_walls,
          minmay_temple_entry_glass
D:5:      overflow_temple_1_default, nicolae_ossuary_entry_monument,
          serial_shops, shop
Temple:   dpeg_three_leaves_temple
Ossuary:  ossuary_tomb_3

Skill      XL: |  1  2  3  4  5  6  7 |
---------------+----------------------+-----
Armour         | 1 3 4 5 7 |  7.1
Fighting       | 5 |  5.6
Staves         | 4 5 6 |  6.0
Stealth        | 3 |  3.2
Throwing       | 2 4 |  4.1
Dodging        | 1 |  1.7
Short Blades   | 1 3 5 |  5.1
Polearms       | |  3.4

Action                   |  1- 3 |  4- 6 |  7- 9 || total
-------------------------+-------+-------+-------++-------
Melee: Quarterstaff      |    83 |    55 |       ||   138
       Bite              |     5 |    12 |    15 ||    32
       Dagger            |       |   123 |   105 ||   228
Throw: Stone             |     3 |    22 |    46 ||    71
Evoke: Wand              |       |       |     1 ||     1
  Use: Scroll            |     1 |     4 |     5 ||    10
       Potion            |       |     1 |     5 ||     6
 Stab: Sleeping          |     1 |       |       ||     1
  Eat: Chunk             |     1 |     6 |     3 ||    10
       Royal jelly       |       |       |     1 ||     1
Armor: Robe              |     2 |       |       ||     2
       Chain mail        |    38 |    96 |    31 ||   165
Dodge: Dodged            |    22 |    48 |    21 ||    91
